 Dungeon Crawl Stone Soup version 0.28.0-1-gb440e238dd (webtiles) character file.

Game seed: 9612467299532772402

840 issech the Cudgeller (level 7, -6/64 (70) HPs)
             Began as a Troll Monk on Feb 22, 2022.
             Mangled by a two-headed ogre (23 damage)
             ... on level 5 of the Dungeon.
             The game lasted 00:21:20 (5530 turns).

issech the Cudgeller (Troll Monk)                   Turns: 5530, Time: 00:21:20

HP:   -6/64 (70)    AC:  4    Str: 20    XL:     7   Next: 67%
MP:   6/6           EV: 11    Int:  6    God:
Gold: 245           SH:  0    Dex: 14    Spells: 6/6 levels left

rFire   . . .      SeeInvis .   a - +0 mace
rCold   . . .      Faith    .   (no shield)
rNeg    . . .      Spirit   .   b - +0 robe
rPois   +          Reflect  .   (helmet restricted)
rElec   .          Harm     .   (no cloak)
rCorr   .          Rampage  .   (gloves unavailable)
Will    .....                   (boots unavailable)
Stlth   ++........              (no amulet)
HPRegen 1.00/turn               k - ring of poison resistance
MPRegen 0.10/turn               m - ring of wizardry

@: drained
A: large, unfitting armour, claws 3, regeneration 1, shaggy fur 1, tough skin 1
a: no special abilities


You were on level 5 of the Dungeon.
You visited 1 branch of the dungeon, and saw 5 of its levels.

You collected 245 gold pieces.

Inventory:

Hand Weapons
 a - a +0 mace (weapon)
Missiles
 c - a poisoned dart (quivered)
 d - 130 arrows
 e - 111 stones
 w - 3 boomerangs
Armour
 b - a +0 robe (worn)
 j - a +0 animal skin
Jewellery
 k - a ring of poison resistance (left claw)
 m - a ring of wizardry (right claw)
 x - a ring of flight
 A - an amulet of magic regeneration
Wands
 o - a wand of iceblast (8)
 v - a wand of paralysis (3)
 C - a wand of polymorph (13)
 F - a wand of mindburst (11)
Scrolls
 f - a scroll of holy word {unknown}
 g - a scroll of silence {unknown}
 l - 3 scrolls of identify {unknown}
 n - a scroll of amnesia {unknown}
 q - a scroll of blinking {unknown}
 t - a scroll of fog {unknown}
 y - a scroll of fear {unknown}
 E - a scroll of enchant weapon {unknown}
Potions
 h - a potion of flight {unknown}
 i - 3 potions of curing {unknown}
 p - a potion of degeneration {unknown}
 r - 5 potions of lignification {unknown}
 s - 2 potions of heal wounds {unknown}
 u - 2 potions of invisibility
 z - a potion of might {unknown}
 B - a potion of berserk rage {unknown}
 D - a potion of experience {unknown}


   Skills:
 + Level 4.0 Fighting
 + Level 5.4 Maces & Flails
 + Level 0.2 Throwing
 + Level 4.4 Dodging
 + Level 2.1 Stealth
 + Level 0.4 Evocations


You had 6 spell levels left.
You didn't know any spells.
Your spell library contained the following spells:

 Spells                   Type           Power      Damage    Failure   Level
 Animate Skeleton         Necr           0%         N/A       21%         1
 Freeze                   Ice            0%         1d3       21%         1
 Pain                     Necr           0%         1d4       21%         1
 Sublimation of Blood     Necr           0%         N/A       28%         2
 Frozen Ramparts          Ice            0%         1d2       50%         3
 Vampiric Draining        Necr           0%         2d6       50%         3
 Hailstorm                Conj/Ice       0%         3d3       86%         4
 Petrify                  Tmut/Erth      0%         N/A       86%         4
 Irradiate                Conj/Tmut      0%         3d14      99%         5


Dungeon Overview and Level Annotations

Branches:
Dungeon (5/15)
 Temple: D:4-7

Altars:
Fedhas
Gozag
Xom

Annotations:
D:3 exclusion: oklob plant


Innate Abilities, Weirdness & Mutations

You are too large for most types of armour.
You have claws for hands.
Your natural rate of healing is unusually fast.
You are covered in fur. (AC +1)
You have tough skin. (AC +1)


Message History

Press: ? - help, Q - select action, (/) - cycle Shift-Dir - straight line, f/p - two-headed ogre
Aim: a two-headed ogre, wielding two +0 giant clubs (lightly wounded, very poisoned, 75% to hit)
You throw a poisoned dart.
The poisoned dart hits the two-headed ogre.
The two-headed ogre looks as sick as possible!
The two-headed ogre is lightly wounded.
You hit the two-headed ogre.
The two-headed ogre is moderately wounded.
The two-headed ogre hits you with a +0 giant club!
The two-headed ogre hits you with a +0 giant club!!
There is an open door here.
The two-headed ogre looks more healthy.
A hound comes into view.
You hit the two-headed ogre. Your claw misses the two-headed ogre.
The two-headed ogre is heavily wounded.
The two-headed ogre hits you with a +0 giant club!
The two-headed ogre closely misses you. The hound bites you.
Throw: 2 darts (poison)
Press: ? - help, Q - select action, (/) - cycle Shift-Dir - straight line, f/p - two-headed ogre
Aim: a two-headed ogre, wielding two +0 giant clubs (heavily wounded, 75% to hit)
You throw a poisoned dart.
The poisoned dart hits the two-headed ogre.
The two-headed ogre is poisoned.
The two-headed ogre is heavily wounded.
The hound bites you. The hound bites you.
You barely miss the two-headed ogre.
The two-headed ogre is heavily wounded.
The two-headed ogre looks more healthy.
You barely miss the two-headed ogre.
The two-headed ogre is severely wounded.
The two-headed ogre closely misses you.
The two-headed ogre hits you with a +0 giant club!
You hit the two-headed ogre.
The two-headed ogre is severely wounded.
The two-headed ogre hits you with a +0 giant club!!
* * * LOW HITPOINT WARNING * * *
The two-headed ogre hits you with a +0 giant club!!
You die...

####### ......# ......#
......############
......'..........#
......##########.# .# ......#
#@# #. # ################O## .#
.. #....)......h.# ..#.
#.............## ...
#..............# ###.#
#####............#.#####...##.#
....'.........(..+...........>#
#####............##.####.######
#########....((..# .. #.#


You could see a two-headed ogre and a hound.

Vanquished Creatures
  A wyvern (D:4)
  An orc warrior (D:3)
  A necrophage (D:5)
  A bullfrog (D:3)
  A scorpion (D:5)
  A hound (D:5)
  A centaur skeleton (D:3)
  Ijyb (D:5)
  An iguana (D:4)
  Natasha (thrice) (D:3)
  An orc wizard (D:4)
  Robin (D:2)
  4 adders
  A white imp (D:5)
  2 worms (D:3)
  An adder skeleton (D:4)
  4 dart slugs
  13 orcs
  4 ball pythons
  4 endoplasms
  4 giant cockroaches
  13 goblins
  12 hobgoblins
  4 jackals (D:2)
  6 kobolds
  2 quokkas
  7 bats
  7 frilled lizards
  A quokka skeleton (D:3)
  3 rats
106 creatures vanquished.

Vanquished Creatures (others)
  4 fungi (D:3)
  12 plants (D:3)
  A withered plant (D:1)
17 creatures vanquished.

Grand Total: 123 creatures vanquished

Notes
Turn   | Place    | Note
-------+----------+-------------------------------------------
     0 | D:1      | issech the Troll Monk began the quest for the Orb.
     0 | D:1      | Reached XP level 1. HP: 22/22 MP: 0/0
   118 | D:1      | Reached XP level 2. HP: 29/29 MP: 1/1
   205 | D:1      | Found a faded altar of an unknown god.
   327 | D:1      | Reached skill level 3 in Maces & Flails
   896 | D:2      | Reached XP level 3. HP: 36/36 MP: 2/2
   942 | D:2      | Noticed Robin
  1031 | D:2      | HP: 1/36 [Robin/goblin (2)]
  1116 | D:2      | Killed Robin
  1125 | D:2      | Reached XP level 4. HP: 16/44 MP: 3/3
  1716 | D:2      | Found a shimmering altar of Xom.
  1868 | D:2      | You fall into a shaft and drop 1 floor!
  1880 | D:3      | Noticed Natasha
  1888 | D:3      | Killed Natasha
  2284 | D:3      | Reached XP level 5. HP: 35/53 MP: 4/4
  2355 | D:3      | Noticed Natasha
  2531 | D:3      | Killed Natasha
  2532 | D:3      | Reached skill level 4 in Maces & Flails
  2653 | D:3      | Found a blossoming altar of Fedhas.
  2678 | D:3      | Noticed an oklob plant
  2952 | D:3      | Noticed Natasha
  2954 | D:3      | Killed Natasha
  3002 | D:3      | HP: 2/53 [bullfrog (5)]
  3012 | D:3      | Reached XP level 6. HP: 7/61 MP: 5/5
  4077 | D:4      | Noticed an orc warrior
  4096 | D:4      | Noticed a wyvern
  4496 | D:3      | Killed an orc warrior
  4704 | D:4      | Killed a wyvern
  4705 | D:4      | Reached skill level 5 in Maces & Flails
  4705 | D:4      | Reached XP level 7. HP: 20/68 MP: 6/6
  4886 | D:5      | Entered Level 5 of the Dungeon
  5022 | D:5      | Noticed a two-headed ogre
  5141 | D:5      | Found an opulent altar of Gozag.
  5193 | D:5      | Noticed Ijyb
  5208 | D:5      | Killed Ijyb
  5530 | D:5      | Mangled by a two-headed ogre

Illustrated notes

Levels and vault maps discovered:
D:1:      dpeg_arrival_oval, layout_basic, ebering_ecumenical_altar_petrified
D:2:      layout_basic, basic_altar, uniq_robin
D:3:      minmay_recursive_quarters, layout_loops_ring, tgw_fedhas, uniq_natasha
D:4:      layout_rooms
D:5:      layout_basic, grunt_gozag_breadcrumbs,
          nicolae_overflow_hallway_of_the_gods, minmay_manual_monstrance,
          uniq_ijyb

Skill      XL: |  1  2  3  4  5  6  7 |
---------------+----------------------+-----
Maces & Flails | 3 4 5 |  5.4
Dodging        | 3 4 |  4.4
Fighting       | 3 4 |  4.0
Stealth        | 2 |  2.1
Throwing       | |  0.2
Evocations     | |  0.4

Action                   |  1- 3 |  4- 6 |  7- 9 || total
-------------------------+-------+-------+-------++-------
Melee: Mace              |   178 |   355 |    66 ||   599
       Punch             |     3 |     3 |     1 ||     7
Throw: Dart              |       |     1 |     7 ||     8
Evoke: Wand              |       |     7 |       ||     7
 Stab: Sleeping          |       |     2 |       ||     2
       Paralysed         |       |     7 |       ||     7
Armor: Robe              |   102 |   108 |    10 ||   220
Dodge: Dodged            |   170 |   195 |    34 ||   399
